cohdb
Replays
Latest Replays
All Replays
Popular Replays
Top Player Replays
Match Explorer
How It Works
Community
CoH3 Stats
Reddit
Sign in to upload your games and track your stats! →
Sign in with Steam
Match 44491726
Unlisted
Match 44491726
Overview
Messages
Build Orders
End
Construct Infanterie Kompanie
Selects Breakthrough Battlegroup
Grenadier Squad
Grenadier Squad
MG 42 Machine Gun Team
Selects Assault Grenadiers
Selects Breakthrough
GrW 34 Mortar Team
Infanterie Officer Quarters
Grenadier Squad
Construct Luftwaffe Kompanie
Selects Mechanized Assault Group
Mechanized Assault Group
Selects Rapid Production
Jäger Squad
Jäger Squad
Support Elements
Wirbelwind Flakpanzer
Pioneer Squad
Selects Blitzkrieg
Medical Bunker
MG 42 Machine Gun Team
pagep
7k this year for sure
Der Besen
bartholomois
0
0
Comments
sign in to comment!
No comments posted yet!